 Dungeon Crawl Stone Soup version 0.20.1-1-g8b1a95d (webtiles) character file.

120715 letownia2 the Severer (level 16, 138/146 HPs)
             Began as a Deep Dwarf Necromancer on Nov 26, 2017.
             Was an Initiate of Gozag.
             Quit the game on level 2 of the Lair of Beasts.
             The game lasted 01:51:21 (29940 turns).

letownia2 the Severer (Deep Dwarf Necromancer)     Turns: 29940, Time: 01:51:21

Health: 138/146    AC: 27    Str: 21    XL:     16   Next: 30%
Magic:  26/29      EV: 15    Int: 22    God:    Gozag
Gold:   1182       SH:  3    Dex: 13    Spells: 16/34 levels left

rFire    . . .     SeeInvis +   a - +4 trident "Eckeuc" {elec, rC+ rN+}
rCold    + . .     Gourm    .   (no shield)
rNeg     + + .     Faith    .   f - +9 scale mail of the Swan {+Inv rCorr}
rPois    +         Spirit   .   I - +0 helmet "Kapefaa" {MR+ Int+2}
rElec    +         Reflect  +   O - +0 cloak
rCorr    +         Harm     .   K - +1 pair of gloves
MR       +++..                  y - +3 pair of boots of Hedging {+Fly rElec rPois SInv}
Stlth    +.........             X - +3 amulet of reflection
Regen    0.0/turn               b - +6 ring of strength
MPRegen  0.3/turn               q - +3 ring of evasion

@: non-regenerating
A: damage resistance, heal wounds, negative energy resistance 1, sense
surroundings 2, no regeneration
a: Heal Wounds, Potion Petition, Call Merchant, Bribe Branch, Renounce Religion,
Evoke Invisibility, Evoke Flight


You were on level 2 of the Lair of Beasts.
You worshipped Gozag.
Gozag was most pleased with you.
You were full.

You visited 6 branches of the dungeon, and saw 26 of its levels.
You also visited: Ice Cave.

You collected 9435 gold pieces.
You spent 1076 gold pieces at shops.
You paid 7177 gold pieces to Gozag.

Inventory:

Hand Weapons
 a - the +4 trident "Eckeuc" (weapon) {elec, rC+ rN+}
   (You found it on level 5 of the Dungeon)

   Occasionally, upon striking a foe, it will discharge some electrical energy
   and cause terrible harm.
   It protects you from cold.
   It protects you from negative energy.
 c - a +0 blowgun
 l - a +0 battleaxe
Missiles
 t - 2 throwing nets (quivered)
 A - 12 curare-tipped needles
 W - 6 poisoned javelins
Armour
 f - the +9 scale mail of the Swan (worn) {+Inv rCorr}
   (You found it on level 11 of the Dungeon)

   It lets you turn invisible.
   It protects you from acid and corrosion.
 g - the +6 chain mail of Fortitude {rPois rF+}
   (You found it on level 8 of the Dungeon)

   It protects you from fire.
   It protects you from poison.
 y - the +3 pair of boots of Hedging (worn) {+Fly rElec rPois SInv}
   (You bought it in a shop on level 2 of the Lair of Beasts)

   It insulates you from electricity.
   It protects you from poison.
   It lets you see invisible.
   It lets you fly.
 I - the +0 helmet "Kapefaa" (worn) {MR+ Int+2}
   (You bought it in a shop on level 2 of the Lair of Beasts)

   It affects your intelligence (+2).
   It affects your resistance to hostile enchantments.
 K - a +1 pair of gloves (worn)
 O - a +0 cloak (worn)
 Z - the +0 chain mail of Recklessness {+Inv Int+6}
   (You found it on level 2 of the Lair of Beasts)

   It affects your intelligence (+6).
   It lets you turn invisible.
Jewellery
 b - a +6 ring of strength (left hand)
 q - a +3 ring of evasion (right hand)
 M - an uncursed ring of magical power
 R - an uncursed ring of protection from fire
 S - an uncursed ring of wizardry
 X - a +3 amulet of reflection (around neck)
Wands
 d - a wand of acid (4/15)
 m - a wand of scattershot (1/9)
 B - a wand of iceblast (2/15)
 T - a wand of paralysis (15/24)
 V - a wand of clouds (6/9)
Scrolls
 i - 3 scrolls of identify
 p - 3 scrolls of recharging
 u - 8 scrolls of remove curse
 w - 3 scrolls of teleportation
 G - a scroll of fear
 H - a scroll of summoning
 J - 7 scrolls of magic mapping
 L - 2 scrolls of blinking
 Q - a scroll of fog
Potions
 e - 2 potions of cancellation
 j - 4 potions of heal wounds
 k - 3 potions of might
 r - 4 potions of haste
 s - 2 potions of ambrosia
 v - 4 potions of flight
 x - 3 potions of berserk rage
 z - 3 potions of lignification
 D - 2 potions of mutation
 E - a potion of resistance
 F - 7 potions of curing
 N - 2 potions of agility
Miscellaneous
 h - a phial of floods
 o - a lamp of fire
Comestibles
 P - 16 bread rations


   Skills:
 - Level 10.0 Fighting
 - Level 17.4 Axes
 - Level 10.6 Armour
 - Level 5.0 Dodging
 - Level 2.4 Stealth
 + Level 9.9 Spellcasting
 - Level 3.1 Conjurations
 + Level 14.5 Necromancy
 - Level 2.0 Translocations
 - Level 3.6 Fire Magic
 - Level 4.0 Air Magic
 - Level 2.2 Poison Magic
 - Level 6.0 Evocations


You had 16 spell levels left.
You knew the following spells:

 Your Spells              Type           Power        Failure   Level  Hunger
a - Pain                  Necr           ####         1%          1    None
b - Blink                 Tloc           N/A          9%          2    None
c - Conjure Flame         Conj/Fire      ####....     11%         3    None
e - Mephitic Cloud        Conj/Pois/Air  ###.....     12%         3    None
j - Portal Projectile     Hex/Tloc       ###...       26%         3    None
v - Vampiric Draining     Necr           ######....   1%          3    None
x - Inner Flame           Hex/Fire       ###.....     21%         3    None


Dungeon Overview and Level Annotations

Branches:
Dungeon (15/15)            Temple (1/1) D:7            Lair (6/6) D:9
  Swamp (1/4) Lair:4          Orc (2/2) D:9             Elf (1/3) Orc:2
 Vaults (0/5) D:14         Depths (0/5) D:15
  Snake: Lair:2-4    Spider: Lair:2-4     Slime: Lair:5-6

Altars:
Ashenzari
Cheibriados
Dithmenos
Elyvilon
Fedhas
Gozag
Hepliaklqana
Kikubaaqudgha
Makhleb
Nemelex Xobeh
Okawaru
Qazlal
Ru
Sif Muna
Trog
Vehumet
Xom
Yredelemnul
Zin
The Shining One
Beogh

Shops:
D:12 :(=!   D:15 (   Orc:2 ??*(   Elf:1 [   Lair:2 [*[**![

Annotations:
D:3 kaze's ghost, weakling MiFi
D:7 Lanoc's ghost, novice GrAK
Elf:1 exclusion: orange crystal statue


Innate Abilities, Weirdness & Mutations

You are resistant to damage.
You can heal yourself by infusing magical energy.
You resist negative energy. (rN+)
You passively map the area around you.
You do not regenerate.


Message History

Unknown command.
There is a stone staircase leading up here.
There is an entrance to Banimm's Distillery here. [a] 1277 gold - Ecra's Food Emporium [b] 1087 gold - Iceyruz's Jewellery Shoppe [c] 1152 gold - Kify's Gadget Emporium [d] 1695 gold - Fiemubef's Antique Armour Shoppe Fund which merchant?
You no longer have enough gold to fund merchants seeking to open stores in the dungeon.
Fiemubef invites you to visit its Antique Armour Shoppe.
Put on which piece of jewellery? (? for menu, Esc to quit)
Okay, then.
Items here: % ) : ??? [[[ Drop what? 52/52 slots (_ for help) (? for menu, Esc to quit)
You drop a scroll of enchant armour.
You drop 2 scrolls of torment.
You drop a scroll of enchant weapon.
You eat the meat ration.
That meat ration really hit the spot!
Okay, then.
Are you sure you want to abandon this character and quit the game? (Confirm with "yes".) ###.##.###..#.P.....P≈P≈≈≈.#### # ##...#)..#.###......P≈♣P≈≈P...### ##...#(......#......P♣♣♣♣♣≈≈...# .....#......##..∩<.≈≈≈♣ ♣PPPPP##

.....##.....#..∩∩..P≈≈♣ ♣P≈≈[##
......#....##..∩∩..P≈P♣♣♣≈PP..# #
.....##P.###..∩...P≈≈≈≈♣♣≈≈...# #
.....###.##P..∩?.....≈≈≈≈PP..P###
.....#.###......@.....PPPP.......
.................................
.....P#P.#.......................
.....###.##P..##........#.####...
.....###..#P.##...#.##....####...
.#.####..#...........#.##.#...#..
..## ##..............P...........
.#.###...............P...........
.............>.........#.........


There were no monsters in sight!

Vanquished Creatures
  Frances (D:13)
  Gastronok (Lair:1)
  Donald (Elf:1)
  A deep elf death mage (Elf:1)
  A yaktaur captain (D:15)
  Erolcha (D:10)
  10 hydras
  8 two-headed ogres
  6 centaur warriors
  8 vault guards
  Erica (D:8)
  The ghost of Ymberto the Fighter, a novice HuFi (D:9)
  Urug (D:10)
  6 orc high priests
  Sonja (D:13)
  6 deep elf knights (Elf:1)
  A wizard (D:15)
  4 unseen horrors
  4 deep elf archers (Elf:1)
  6 orc knights (Orc:2)
  24 deep elf magi (Elf:1)
  A necromancer (IceCv)
  2 wolf spider zombies (D:15)
  An orc sorcerer (Orc:2)
  8 ugly things
  2 manticores
  5 elephants
  2 ice statues (IceCv)
  Maurice (D:9)
  3 centaur zombies
  Joseph (D:7)
  5 black mambas
  A gargoyle (D:10)
  A black mamba (shapeshifter) (Elf:1)
  A centaur skeleton (D:13)
  An efreet (D:13)
  22 spiny frogs
  2 yaktaurs (D:15)
  9 ice devils
  A kobold demonologist (D:15)
  7 komodo dragons
  5 tyrant leeches (Lair:6)
  3 polar bears (Lair:2)
  3 meliai (D:13)
  7 trolls
  2 hornets (Swamp:1)
  7 slime creatures
  23 blink frogs
  2 dream sheep
  8 hippogriffs
  A shadow (Swamp:1)
  An air elemental (Elf:1)
  Sigmund (D:3)
  3 wraiths
  A spriggan (Swamp:1)
  29 yaks
  A vampire (D:13)
  2 fire elementals (Elf:1)
  A fire bat (D:13)
  A wyvern (D:13)
  5 basilisks
  A steam dragon (D:12)
  Grum (D:8)
  23 vampire mosquitoes
  A hungry ghost (D:12)
  Edmund (D:4)
  A swamp worm (Swamp:1)
  A warg (Orc:1)
  6 porcupines
  10 water moccasins
  2 hell hounds (D:13)
  9 black bears
  24 orc warriors
  2 eyes of draining
  3 ice beasts
  6 sky beasts
  A necrophage (D:7)
  12 ogres
  4 boggarts (D:15)
  22 wolves
  24 centaurs
  23 crocodiles
  A big kobold (D:7)
  28 bullfrogs
  A gnoll sergeant (D:7)
  An earth elemental (Elf:1)
  4 scorpions
  A water moccasin skeleton (D:7)
  18 killer bees
  5 wights
  A howler monkey (D:5)
  3 vampire bats (D:13)
  5 electric eels
  5 crimson imps
  4 bullfrog zombies
  A quasit (D:14)
  8 hounds
  12 jellies
  3 draconian simulacra (IceCv)
  34 orc priests
  11 orc wizards
  3 bullfrog skeletons
  7 iguanas
  4 hell rats
  9 worker ants
  A spriggan simulacrum (IceCv)
  3 troll simulacra (IceCv)
  A killer bee zombie (D:7)
  A centaur simulacrum (IceCv)
  A hound skeleton (D:4)
  18 gnolls
  2 ogre simulacra (IceCv)
  11 river rats
  17 adders
  7 shadow imps
  6 oozes (D:13)
  3 worms
  2 dart slugs
  6 leopard geckos
  68 orcs
  2 ball pythons
  12 bats
  3 giant cockroaches
  13 goblins
  11 hobgoblins
  14 jackals
  14 kobolds
  6 quokkas
  10 frilled lizards
  13 rats
866 creatures vanquished.

Vanquished Creatures (others)
  4 dancing weapons (Elf:1)
  A water elemental (Elf:1)
  A wight (D:13)
  A bush (D:7)
  A fire vortex (Lair:1)
  28 fungi
  45 plants
81 creatures vanquished.

Grand Total: 947 creatures vanquished

Notes
Turn   | Place    | Note
-------+----------+-------------------------------------------
     0 | D:1      | letownia2 the Deep Dwarf Necromancer began the quest for the Orb.
     0 | D:1      | Reached XP level 1. HP: 15/15 MP: 3/3
   317 | D:1      | Reached XP level 2. HP: 13/22 MP: 1/5
   489 | D:2      | Found a burning altar of Makhleb.
   623 | D:4      | Reached skill level 5 in Necromancy
   706 | D:4      | Reached XP level 3. HP: 16/28 MP: 1/6
   743 | D:3      | Learned a level 3 spell: Vampiric Draining
   888 | D:4      | Noticed Edmund
   910 | D:4      | HP: 1/28 [Edmund/dire flail of holy wrath (7)]
   939 | D:4      | Reached XP level 4. HP: 5/37 MP: 2/7
  1153 | D:4      | Killed Edmund
  1153 | D:4      | Reached skill level 1 in Fighting
  1153 | D:4      | Reached XP level 5. HP: 27/45 MP: 0/9
  1179 | D:4      | Found a glowing golden altar of the Shining One.
  1445 | D:4      | Reached XP level 6. HP: 49/52 MP: 1/10
  1949 | D:5      | Entered Level 5 of the Dungeon
  2016 | D:5      | Found a snail-covered altar of Cheibriados.
  2163 | D:5      | Found a basalt altar of Yredelemnul.
  2171 | D:5      | Found a deep blue altar of Sif Muna.
  2173 | D:5      | Found a glowing silver altar of Zin.
  2299 | D:5      | Got an ichor-stained trident
  2305 | D:5      | Identified the +4 trident "Eckeuc" {elec, rC+ rN+} (You found it on level 5 of the Dungeon)
  2413 | D:5      | Reached skill level 1 in Axes
  2844 | D:6      | Noticed a yak
  2989 | D:6      | Reached skill level 2 in Axes
  2992 | D:6      | Noticed a yak
  3075 | D:6      | Reached XP level 7. HP: 52/60 MP: 1/11
  3332 | D:6      | Noticed a yak
  3333 | D:6      | Noticed a yak
  3386 | D:6      | Killed a yak
  3441 | D:6      | Noticed a yak
  3792 | D:6      | Found a shadowy altar of Dithmenos.
  4009 | D:7      | Reached XP level 8. HP: 48/69 MP: 5/13
  4184 | D:7      | Found a blossoming altar of Fedhas.
  4259 | D:7      | Reached skill level 5 in Spellcasting
  4400 | D:7      | Found a staircase to the Ecumenical Temple.
  4405 | D:7      | Noticed a hippogriff
  4495 | Temple   | Entered the Ecumenical Temple
  4528 | Temple   | Became a worshipper of Gozag Ym Sagoz the Greedy
  4850 | D:3      | Noticed Sigmund
  4864 | D:3      | Killed Sigmund
  4985 | D:3      | Noticed kaze's ghost (weakling MiFi)
  5160 | D:2      | Found a sparkling altar of Nemelex Xobeh.
  5861 | D:3      | Found a sacrificial altar of Ru.
  5863 | D:3      | Found an iron altar of Okawaru.
  5863 | D:3      | Found a shimmering altar of Xom.
  5865 | D:3      | Found a hazy altar of Hepliaklqana.
  5865 | D:3      | Found an ancient bone altar of Kikubaaqudgha.
  5865 | D:3      | Found a sacrificial altar of Ru.
  6311 | D:7      | Found a hazy altar of Hepliaklqana.
  6319 | D:6      | Reached skill level 1 in Evocations
  6322 | D:6      | Gained mutation: You passively map the area around you. [Deep Dwarf growth]
  6322 | D:6      | Reached XP level 9. HP: 50/76 MP: 4/19
  6452 | D:7      | Noticed Joseph
  6468 | D:7      | Killed Joseph
  6548 | D:7      | Learned a level 3 spell: Conjure Flame
  6551 | D:7      | Learned a level 2 spell: Blink
  6555 | D:7      | Learned a level 3 spell: Mephitic Cloud
  6600 | D:7      | Found an iron altar of Okawaru.
  6612 | D:7      | Got a bronze scale mail
  6640 | D:7      | Identified the cursed +0 scale mail of Instinct {Dex+2} (You found it on level 7 of the Dungeon)
  6776 | D:7      | Noticed Lanoc's ghost (novice GrAK)
  6852 | D:6      | Reached skill level 1 in Conjurations
  6852 | D:6      | Reached skill level 1 in Translocations
  6852 | D:6      | Reached skill level 1 in Fire Magic
  6852 | D:6      | Reached skill level 1 in Poison Magic
  6863 | D:6      | Reached skill level 1 in Air Magic
  7138 | D:8      | Found an opulent altar of Gozag.
  7138 | D:8      | Noticed Erica
  7154 | D:8      | Killed Erica
  7154 | D:8      | Reached XP level 10. HP: 72/84 MP: 17/22
  7329 | D:8      | Got an ichor-stained chain mail
  7360 | D:7      | Identified the +6 chain mail of Fortitude {rPois rF+} (You found it on level 8 of the Dungeon)
  7407 | D:8      | Reached skill level 1 in Armour
  7481 | D:8      | Noticed Grum
  7500 | D:8      | Killed Grum
  7522 | D:8      | Found a glowing golden altar of the Shining One.
  8001 | D:8      | Reached skill level 5 in Armour
  8418 | D:9      | Noticed Maurice
  8420 | D:9      | Noticed Ymberto's ghost (novice HuFi)
  8425 | D:9      | Killed Maurice
  8580 | D:9      | Killed Ymberto's ghost
  8721 | D:9      | Found a staircase to the Lair.
  8730 | D:9      | Reached XP level 11. HP: 76/90 MP: 10/23
  8740 | D:9      | Found a staircase to the Orcish Mines.
  9249 | D:9      | Reached skill level 3 in Axes
  9577 | D:9      | Found a roughly hewn altar of Beogh.
  9690 | D:10     | Entered Level 10 of the Dungeon
  9690 | D:10     | Noticed a four-headed hydra
  9698 | D:10     | Killed a four-headed hydra
  9770 | D:10     | Noticed a two-headed ogre
 10124 | D:10     | Noticed Erolcha
 10125 | D:10     | Paralysed by Erolcha for 3 turns
 10133 | D:10     | Killed Erolcha
 10133 | D:10     | Reached skill level 10 in Necromancy
 10135 | D:10     | Noticed Urug
 10155 | D:10     | Killed Urug
 10632 | D:10     | Killed a two-headed ogre
 10632 | D:10     | Reached skill level 5 in Evocations
 11000 | D:10     | Learned a level 3 spell: Inner Flame
 11004 | D:10     | Learned a level 3 spell: Portal Projectile
 11067 | Lair:1   | Entered Level 1 of the Lair of Beasts
 11203 | Lair:1   | Noticed Gastronok
 11265 | Lair:1   | Noticed an eight-headed hydra
 11268 | Lair:1   | Killed an eight-headed hydra
 11731 | Lair:1   | Killed Gastronok
 11731 | Lair:1   | Reached skill level 5 in Fighting
 11731 | Lair:1   | Reached XP level 12. HP: 63/103 MP: 0/25
 11831 | Lair:1   | Noticed a six-headed hydra
 11844 | Lair:1   | Killed a six-headed hydra
 12237 | Lair:2   | Got a twisted chain mail
 12310 | Lair:2   | Noticed a seven-headed hydra
 12318 | Lair:2   | Killed a seven-headed hydra
 12644 | Lair:2   | Noticed a six-headed hydra
 12670 | Lair:2   | Killed a six-headed hydra
 13577 | Lair:2   | Bought a pair of twisted boots for 313 gold pieces
 13587 | Lair:2   | Identified the +3 pair of boots of Hedging {+Fly rElec rPois SInv} (You bought it in a shop on level 2 of the Lair of Beasts)
 13600 | Lair:2   | Identified the +0 chain mail of Recklessness {+Inv Int+6} (You found it on level 2 of the Lair of Beasts)
 13926 | D:11     | Got a translucent scale mail
 13937 | D:11     | Identified the +9 scale mail of the Swan {+Inv rCorr} (You found it on level 11 of the Dungeon)
 14205 | D:11     | Reached XP level 13. HP: 113/117 MP: 14/26
 14214 | D:11     | Got a twisted chain mail
 14237 | D:11     | Identified the +1 chain mail "Daqat" {rPois} (You found it on level 11 of the Dungeon)
 14587 | D:11     | Identified a scroll of acquirement
 14906 | D:12     | Found Fyseniop's Antique Weapon Shop.
 14997 | D:12     | Reached skill level 4 in Axes
 15082 | D:12     | Found Rema's Book Boutique.
 15360 | D:12     | Found Hayset's Distillery.
 15363 | D:12     | Bought a potion of heal wounds for 65 gold pieces
 15520 | D:12     | Found Niuleism's Jewellery Boutique.
 15876 | D:13     | Reached skill level 5 in Axes
 15901 | D:13     | Noticed Sonja
 16003 | D:13     | Killed Sonja
 16137 | D:13     | Reached skill level 5 in Dodging
 16167 | D:13     | Got a scorched buckler
 16172 | D:13     | Got a slimy whip
 16183 | D:13     | Identified the cursed +0 buckler "Darinot" {rElec} (You found it on level 13 of the Dungeon)
 16190 | D:13     | Identified the +8 whip "Miagecir" {drain, rC+} (You found it on level 13 of the Dungeon)
 16266 | D:13     | Reached skill level 6 in Axes
 16433 | D:13     | Reached skill level 7 in Axes
 16797 | D:13     | Found a glowing golden altar of the Shining One.
 16872 | D:13     | Noticed Frances
 16896 | D:13     | Killed Frances
 16896 | D:13     | Reached skill level 8 in Axes
 17472 | D:14     | Reached skill level 9 in Axes
 17529 | D:13     | Gained mutation: You resist negative energy. (rN+) [Deep Dwarf growth]
 17529 | D:13     | Reached XP level 14. HP: 110/127 MP: 13/27
 17764 | D:13     | Reached skill level 10 in Axes
 17964 | D:14     | Reached skill level 11 in Axes
 18077 | D:14     | Found a gate to the Vaults.
 18136 | D:14     | Reached skill level 12 in Axes
 18550 | D:15     | Entered Level 15 of the Dungeon
 18946 | D:15     | Found Acifes's Antique Weapon Boutique.
 18991 | D:15     | Reached skill level 13 in Axes
 19355 | D:15     | Found a staircase to the Depths.
 19809 | Lair:2   | Bought 2 curare-tipped needles for 15 gold pieces
 19814 | Lair:2   | Bought a pair of faintly humming boots for 313 gold pieces
 19830 | Lair:2   | Identified the +0 pair of boots of Nozup {rPois rN+ Int+3} (You bought it in a shop on level 2 of the Lair of Beasts)
 19947 | Lair:4   | Found a staircase to the Swamp.
 20024 | Lair:4   | Found a frozen archway.
 20089 | IceCv    | Entered an ice cave
 20602 | IceCv    | Reached skill level 14 in Axes
 21530 | Orc:1    | Entered Level 1 of the Orcish Mines
 21639 | Orc:2    | Entered Level 2 of the Orcish Mines
 22474 | Orc:2    | Found a staircase to the Elven Halls.
 22649 | Orc:2    | Reached XP level 15. HP: 90/134 MP: 1/28
 23590 | Orc:2    | Reached skill level 10 in Armour
 23605 | Orc:2    | Found Arigaewn's Antique Weapon Emporium.
 23608 | Orc:2    | Found Xouchusch's Magic Scroll Emporium.
 23609 | Orc:2    | Found Wibubb's General Store.
 23610 | Orc:2    | Found Vaafob's Magic Scroll Shoppe.
 23959 | Lair:2   | Bought a blackened helmet for 370 gold pieces
 23969 | Lair:2   | Identified the cursed +0 helmet "Kapefaa" {MR+ Int+2} (You bought it in a shop on level 2 of the Lair of Beasts)
 24121 | Elf:1    | Entered Level 1 of the Elven Halls
 24285 | Elf:1    | Found a radiant altar of Vehumet.
 24347 | Elf:1    | Reached skill level 10 in Fighting
 24554 | Elf:1    | Found Sasatozi's Armour Shop.
 24799 | Elf:1    | Reached skill level 15 in Axes
 25883 | Elf:1    | Noticed Donald
 25916 | Elf:1    | Killed Donald
 26344 | Elf:1    | Reached skill level 16 in Axes
 27706 | Elf:1    | Identified Sif Muna's Tome of Confrontation
 28137 | Swamp:1  | Entered Level 1 of the Swamp
 28426 | Lair:6   | Entered Level 6 of the Lair of Beasts
 28632 | Lair:6   | Reached skill level 17 in Axes
 28632 | Lair:6   | Reached XP level 16. HP: 128/146 MP: 11/29
 29711 | Lair:6   | Identified Limuaskebo's Disquisition on the Rocks
 29940 | Lair:2   | Quit the game

Skill      XL: |  1  2  3  4  5  6  7  8  9 10 11 12 13 14 15 |
---------------+----------------------------------------------+-----
Spellcasting   | 2 3 7 8 9 |  9.9
Necromancy     | 5 6 7 8 9 10 12 14 | 14.5
Fighting       | 1 2 3 5 8 10 | 10.0
Axes           | 2 3 9 14 17 | 17.4
Evocations     | 1 4 6 |  6.0
Conjurations   | 2 3 |  3.1
Translocations | 2 |  2.0
Fire Magic     | 2 3 |  3.6
Poison Magic   | 2 |  2.2
Air Magic      | 1 2 4 |  4.0
Armour         | 8 9 10 | 10.6
Dodging        | 5 |  5.0
Stealth        | |  2.4

Action                   |  1- 3 |  4- 6 |  7- 9 | 10-12 | 13-15 | 16-18 || total
-------------------------+-------+-------+-------+-------+-------+-------++-------
Melee: Unarmed           |     8 |       |       |       |       |       ||     8
       Dagger            |     5 |     7 |       |       |       |       ||    12
       Trident           |       |    13 |   168 |   579 |  1637 |   234 ||  2631
       Battleaxe         |       |       |       |       |    11 |       ||    11
 Cast: Pain              |    32 |    29 |    76 |     9 |    11 |       ||   157
       Vampiric Draining |     4 |    25 |    77 |   218 |   409 |    83 ||   816
       Mephitic Cloud    |       |       |     4 |    11 |    67 |     1 ||    83
       Conjure Flame     |       |       |     1 |    30 |    71 |     5 ||   107
       Blink             |       |       |       |       |     4 |     1 ||     5
Invok: Call Merchant     |       |       |       |     3 |     3 |     1 ||     7
Evoke: Wand              |       |       |       |    20 |    21 |       ||    41
       Box of beasts     |       |       |       |       |     1 |       ||     1
  Use: Scroll            |       |     1 |     6 |     7 |    23 |       ||    37
       Potion            |       |       |     3 |       |       |       ||     3
 Stab: Sleeping          |       |     1 |       |     1 |       |       ||     2
       Distracted        |       |       |     2 |     3 |     6 |       ||    11
       Confused          |       |       |     4 |     6 |    36 |     1 ||    47
  Eat: Chunk             |     1 |     8 |     9 |       |       |       ||    18
       Royal jelly       |       |       |     5 |     2 |     2 |       ||     9
       Fruit             |       |       |       |    12 |     5 |       ||    17
       Meat ration       |       |       |       |     2 |     5 |     1 ||     8
       Bread ration      |       |       |       |       |     4 |       ||     4
Armor: Leather armour    |     1 |     7 |    73 |    64 |       |       ||   145
       Chain mail        |       |       |       |   373 |       |       ||   373
       Scale mail        |       |       |       |    77 |   816 |   235 ||  1128
Dodge: Dodged            |    14 |    33 |   265 |   531 |  1047 |   289 ||  2179
Block: Other             |       |       |       |       |   151 |    45 ||   196
       Reflection        |       |       |       |       |     5 |       ||     5
